 Dungeon Crawl Stone Soup version 0.29.1-15-g9cfb28693d (webtiles) character file.

Game seed: 14707645045547366025

55 Ast3rio the Magician (level 4, -4/31 HPs)
             Began as a Djinni Ice Elementalist on Mar 27, 2023.
             Killed from afar by a dart slug (5 damage)
             ... with a slug dart
             ... on level 2 of the Dungeon.
             The game lasted 00:03:49 (1837 turns).

Ast3rio the Magician (Djinni Ice Elementalist)      Turns: 1837, Time: 00:03:52

Health: -4/31      AC:  2    Str:  7    XL:     4   Next: 14%
Gold:   123        EV: 12    Int: 18    God:
                   SH:  0    Dex: 14

rFire   + + .      SeeInvis .   (no weapon)
rCold   x . .      Faith    .   (no shield)
rNeg    . . .      Spirit   .   a - +0 robe
rPois   ∞          Reflect  .   (no helmet)
rElec   .          Harm     .   (no cloak)
rCorr   .          Rampage  .   (no gloves)
Will    .....                   (boots unavailable)
Stlth   ++........              (no amulet)
HPRegen 0.10/turn               (no ring)
MPRegen 0.00/turn               (no ring)

@: freezing walls, flying
A: sickness immunity, fire resistance 2, cold vulnerability 1, float, innate
caster, HP casting, extra vitality 1
a: no special abilities


You were on level 2 of the Dungeon.
You visited 1 branch of the dungeon, and saw 2 of its levels.

You collected 123 gold pieces.

Inventory:

Armour
 a - a +0 robe (worn)
Jewellery
 k - an amulet of faith
Scrolls
 c - 2 scrolls of identify {unknown}
 d - a scroll of torment {unknown}
 f - a scroll of vulnerability {unknown}
 i - a scroll of amnesia {unknown}
 j - a scroll of enchant weapon {unknown}
Potions
 b - a potion of ambrosia {unknown}
 e - 2 potions of brilliance {unknown}
 g - a potion of attraction {unknown}
 h - a potion of flight {unknown}
 l - a potion of resistance {unknown}


   Skills:
 + Level 0.1 Fighting
 + Level 2.3 Dodging
 + Level 1.7 Stealth
 + Level 4.2 Spellcasting


You couldn't memorise any spells.
You knew the following spells:

 Your Spells              Type           Power      Damage    Failure   Level
a - Freeze                Ice            72%        1d9       2%          1
b - Frozen Ramparts       Ice            36%        1d6       8%          3
c - Ozocubu's Armour      Ice            18%        N/A       8%          3
d - Hailstorm             Conj/Ice       18%        3d6       26%         4
e - Beastly Appendage     Tmut           36%        N/A       2%          1
Your spell library was empty.

Dungeon Overview and Level Annotations

Branches:
Dungeon (2/15)

Altars:

Shops:
D:2 *


Innate Abilities, Weirdness & Mutations

You are immune to sickness and miasma.
You are immune to poison.
Your flesh is very heat resistant. (rF++)
You are vulnerable to cold. (rC-)
You float through the air rather than walking.
You learn spells naturally, not from books.
Your magical power is your life essence.
You have superior vitality. (+4 MHP)


Message History

You freeze the giant cockroach.
You kill the giant cockroach!
The kobold hits you with a +0 whip of electrocution.
You are electrocuted!!
Ouch! That really hurt!
* * * LOW HITPOINT WARNING * * *
You are too injured to fight recklessly!
You are too injured to fight recklessly!
You are too injured to fight recklessly!
Casting: Freeze (safe; 2% risk of failure)
Confirm with . or Enter, or press ? or * to list all spells.
Aiming: Freeze (safe; 2% risk of failure)
Press: ? - help, Shift-Dir - straight line, f - kobold
Aim: a kobold, wielding a +0 whip of electrocution and quivering stones You freeze the kobold!
You kill the kobold!
* * * LOW HITPOINT WARNING * * *
Casting: Freeze (safe; 2% risk of failure)
Confirm with . or Enter, or press ? or * to list all spells.
Aiming: Freeze (safe; 2% risk of failure)
Press: ? - help, Shift-Dir - straight line, f - dart slug
Aim: a dart slug You freeze the dart slug.
The dart slug is moderately wounded.
* * * LOW HITPOINT WARNING * * *
The dart slug launches a dart at you. The slug dart hits you.
* * * LOW HITPOINT WARNING * * *
Unknown command.
Casting: Freeze (safe; 2% risk of failure)
Confirm with . or Enter, or press ? or * to list all spells.
The spell is quite dangerous to miscast (8% risk of failure)!
Continue anyway?
Casting: Frozen Ramparts (quite dangerous; 8% risk of failure)
Press: ? - help, Dir - look around, f - activate Weefysh's General Store.
The walls around you are covered in ice.
* * * LOW HITPOINT WARNING * * *
The dart slug launches a dart at you. The slug dart hits you.
You die...

#.'.# #... #.### #.#.#
#.. #####.'.# ...... ...
#.....### ..#.#. #..
#.###.'.# ......# #.#
#.###.### .##....###.#
#_.##.†.# ........##.#
##.##.### #...Bw@.#.#
##...#....
#......)∩..####..#..)#.#
##.......#......###....#
...>....##.####..#[.####
..#....###.. ....... .
#.#.# ########.#### #.##
#.# . #.# # #


You could see a dart slug and a giant cockroach.

Vanquished Creatures
  2 adders (D:2)
  A dart slug (D:2)
  2 endoplasms (D:2)
  3 giant cockroaches
  6 goblins
  3 hobgoblins
  3 jackals (D:1)
  2 quokkas
  2 ball pythons (D:2)
  2 bats (D:2)
  2 kobolds (D:2)
  6 rats
34 creatures vanquished.

Notes
Turn   | Place    | Note
-------+----------+-------------------------------------------
     0 | D:1      | Ast3rio the Djinni Ice Elementalist began the quest for the
                  | Orb.
     0 | D:1      | Ast3rio set off with the following spells memorised:
                  | Freeze, Frozen Ramparts, Ozocubu's Armour, Hailstorm.
     0 | D:1      | Reached XP level 1. HP: 15/15 MP: 0/0
    69 | D:1      | You are sucked into a shaft and drop 1 floor!
    90 | D:1      | Reached XP level 2. HP: 14/21 MP: 0/0
   920 | D:2      | Reached XP level 3. HP: 17/25 MP: 0/0
   920 | D:2      | Learned a level 1 spell: Beastly Appendage
  1184 | D:2      | Reached skill level 4 in Spellcasting
  1598 | D:2      | Reached XP level 4. HP: 25/31 MP: 0/0
  1600 | D:2      | Found a faded altar of an unknown god.
  1824 | D:2      | Found Weefysh's General Store.
  1837 | D:2      | Killed from afar by a dart slug

Illustrated notes

Levels and vault maps discovered:
D:1:      lightli_iron_boxes, layout_rooms
D:2:      layout_loops_ring, serial_shops, shop, basic_ecumenical_altar,
          minmay_rat_gold_closets

Skill      XL: |  1  2  3 |
---------------+----------+-----
Spellcasting   | 4 |  4.2
Fighting       | |  0.1
Dodging        | |  2.3
Stealth        | |  1.7

Action                   |  1- 3 |  4- 6 || total
-------------------------+-------+-------++-------
Melee: Unarmed           |     9 |     2 ||    11
 Cast: Freeze            |    47 |    10 ||    57
       Frozen Ramparts   |       |     1 ||     1
Armor: Robe              |    12 |     2 ||    14
Dodge: Dodged            |    26 |     4 ||    30
